Map: Winter's Gate LE

Players

Mez - Winner!

  • Race: Terran Terran
  • League: Master
  • Spawn Location: 5:00

Hauru

  • Race: Zerg Zerg
  • League: Master
  • Spawn Location: 11:00

VOD

Have the link to the VOD?

Description

Time

  • Played on: Aug. 22, 2019, 12:37 p.m.
  • Length: 6:37
Show
View Real Time Build Order
Export as new Build Order

Mez Terran - Winner!

Build Orders: Reaper Expand 

Get SALT Encoding   

  12  0:00  SCV  
  13  0:13  SCV  
  14  0:17  Supply Depot  
  14  0:25  SCV  
  15  0:38  SCV  
  15  0:40  Barracks  
  16  0:45  Refinery  
  16  0:50  SCV  
  17  1:04  SCV  
  18  1:16  SCV  
  19  1:29  Orbital Command, Reaper  
  20  1:41  Command Center  
  20  1:50  Supply Depot  
  20  1:56  SCV  
  20  2:01  Marine  
  22  2:08  SCV  
  23  2:13  Factory  
  23  2:16  Refinery  
  23  2:20  SCV  
  24  2:24  Barracks Reactor  
  24  2:35  SCV  
  25  2:47  SCV  
  26  2:54  Orbital Command  
  26  2:59  Engineering Bay  
  25  3:10  Starport  
  25  3:12  SCV  
  26  3:14  Hellion x2  
  26  3:17  Barracks Tech Lab  
  30  3:20  SCV  
  30  3:24  SCV, Supply Depot  
  32  3:32  SCV  
  33  3:36  SCV, Hellion x2  
  38  3:44  SCV  
  38  3:46  Supply Depot  
  38  3:48  SCV, Viking  
  41  3:52  Stimpack  
  41  3:53  Marine  
  43  4:00  SCV x2  
  45  4:11  Marine  
  45  4:12  SCV x2  
  48  4:20  Factory Reactor  
  48  4:21  Starport Reactor  
  48  4:22  Barracks  
  48  4:24  Barracks  
  48  4:34  SCV x2  
  48  4:36  Marine  
  51  4:43  Command Center  
  51  4:48  Supply Depot  
  51  4:49  SCV  
  51  4:50  SCV  
  53  4:54  Marine  
  54  5:01  SCV  
  54  5:05  Engineering Bay  
  55  5:09  Factory Tech Lab, Engineering Bay  
  55  5:11  Marine x2  
  55  5:12  Marine  
  57  5:15  Medivac x2  
  57  5:18  SCV x2  
  63  5:25  Supply Depot  
  63  5:30  Marine x2, Siege Tank  
  63  5:31  Marine x2  
  70  5:43  Supply Depot  
  70  5:45  Supply Depot  
  70  5:46  Marine, SCV x2  
  70  5:48  Marine x2  
  75  5:54  Marine x2  
  77  6:01  Orbital Command  
  77  6:04  Marine, SCV, Supply Depot  
  77  6:05  Siege Tank, SCV  
  77  6:06  Marine x2  
  77  6:07  Refinery  
  77  6:09  Refinery  
  85  6:12  Supply Depot  
  85  6:13  Marine  
  85  6:16  Supply Depot  
Show
View Real Time Build Order
Export as new Build Order

Hauru Zerg 

Build Orders: Hatch First 

Get SALT Encoding   

  12  0:01  Drone  
  13  0:12  Overlord  
  13  0:22  Drone  
  14  0:35  Drone x3  
  17  0:54  Hatchery  
  17  0:55  Drone  
  17  0:58  Drone  
  18  1:10  Extractor  
  17  1:13  Spawning Pool  
  17  1:16  Drone  
  17  1:22  Drone  
  18  1:30  Drone  
  19  1:46  Overlord  
  19  1:51  Drone  
  20  2:00  Queen  
  22  2:06  Zergling x4  
  22  2:07  Queen  
  26  2:11  Metabolic Boost  
  26  2:13  Drone  
  27  2:17  Drone  
  28  2:29  Drone  
  29  2:35  Overlord  
  29  2:41  Drone x2  
  30  2:48  Overlord, Queen  
  32  3:09  Pneumatized Carapace, Hatchery  
  32  3:12  Drone  
  32  3:13  Drone x5  
  37  3:38  Drone  
  37  3:39  Drone  
  37  3:40  Drone x4  
  43  3:47  Overlord, Drone  
  44  3:54  Drone  
  44  3:55  Baneling Nest, Drone  
  45  3:59  Queen  
  47  4:04  Drone x4  
  51  4:10  Zergling x2  
  51  4:11  Zergling x2  
  53  4:21  Queen  
  53  4:23  Zergling x6  
  58  4:25  Drone x2  
  60  4:39  Spore Crawler  
  60  4:42  Spore Crawler  
  60  4:44  Overlord  
  58  4:47  Queen  
  58  4:52  Spore Crawler  
  59  5:03  Lair  
  59  5:04  Drone  
  60  5:13  Drone  
  60  5:14  Drone x5  
  66  5:17  Extractor  
  66  5:18  Extractor  
  66  5:19  Overlord, Evolution Chamber  
  61  5:22  Evolution Chamber  
  61  5:27  Queen  
  62  5:29  Zergling x6  
  62  5:33  Overlord  
  65  5:37  Overlord  
  65  5:44  Drone x8  
  73  5:55  Drone  
  73  5:56  Drone x2  
  76  6:06  Drone  
  76  6:07  Drone x3  
Tags
 
Add a new tag
Caveats
  • Supply blocks, unpowered buildings, or Contaminate may cause inaccurate times.
  • Supply counts are checked every 10 seconds.